[Event "NED-ch U20 Youth 2019"]
[Site "Assen"]
[Date "2019.05.02"]
[Round "5.3"]
[White "Ypma, Jord"]
[Black "Van Dael, Siem"]
[Result "0-1"]
[ECO "E67"]
[WhiteElo "1854"]
[BlackElo "2206"]
[Annotator "NA"]
[PlyCount "104"]
[EventDate "2019.04.28"]
[EventType "swiss"]
[EventCountry "NED"]
[SourceTitle "playchess.com"]
[Source "ChessBase"]
[SourceQuality "1"]
[TimeControl "40/5400+30:1800+30"]

1. d4 Nf6 2. c4 g6 3. g3 Bg7 4. Bg2 O-O 5. Nc3 d6 6. Nf3 Nbd7 7. O-O e5 8. e4 exd4 9. Nxd4 Re8 10. Qc2 Ne5 11. b3 Bd7 12. Bb2 a6 13. Rfd1 ({Better is} 13. Rad1 $16) 13... c5 14. Nde2 $11 b5 15. Rxd6 bxc4 16. Nd5 Nxd5 17. Rxd5 Qc7 18. bxc4 Rab8 19. Bc3 Be6 20. Nf4 Bxd5 21. Nxd5 Qc8 22. f4 Nc6 23. e5 Nd4 24. Qd2 Qf5 25. Ne3 Qh5 26. Bxd4 cxd4 27. Nd5 Qf5 28. Qxd4 Rb1+ 29. Bf1 Bxe5 30. Ne7+ Rxe7 31. Qd8+ Kg7 32. Rxb1 Rd7 33. Qe8 Bd4+ 34. Kg2 Qxb1 35. Qxd7 Qxa2+ 36. Kf3 Qf2+ 37. Ke4 Qe3+ 38. Kd5 Bf6 39. Qh3 Be7 40. Qg2 a5 41. Qe2 Qc5+ 42. Ke4 Qc6+ 43. Kd3 Bf6 44. Bg2 Qc5 45. Bd5 Qa3+ 46. Kc2 Bc3 47. Kd3 Bb2+ 48. Kc2 Qc3+ 49. Kb1 Qc1+ 50. Ka2 Bd4 51. Bc6 Qa1+ 52. Kb3 Qb1+ 0-1

[Event "NED-ch U20 Youth 2019"]
[Site "Assen"]
[Date "2019.05.02"]
[Round "5.4"]
[White "Pols, Wiggert"]
[Black "Van Roon, Sjoerd"]
[Result "1/2-1/2"]
[ECO "A11"]
[WhiteElo "2104"]
[BlackElo "2115"]
[Annotator "NA"]
[PlyCount "91"]
[EventDate "2019.04.28"]
[EventType "swiss"]
[EventCountry "NED"]
[SourceTitle "playchess.com"]
[Source "ChessBase"]
[SourceQuality "1"]
[TimeControl "40/5400+30:1800+30"]

1. Nf3 d5 2. g3 c6 3. Bg2 Bg4 4. O-O Nd7 5. d4 Ngf6 6. c4 e6 7. cxd5 cxd5 8. Bf4 Be7 9. Qb3 Qb6 10. Rc1 Qxb3 11. axb3 Bd8 (11... Ne4 $11 {keeps the balance.}) 12. Na3 $11 ({Better is} 12. Nc3 $16) 12... O-O 13. Bd6 Bxf3 14. Bxf3 Re8 15. Nb5 Bb6 16. Nc7 Bxd4 17. Rab1 Ne5 18. Nxa8 Nxf3+ 19. exf3 Rxa8 20. Bc5 Bxc5 21. Rxc5 Ne8 22. Rbc1 Kf8 23. Rc8 Rxc8 24. Rxc8 Ke7 25. g4 h6 26. f4 Kd7 27. Rb8 Nd6 28. g5 h5 29. f5 exf5 30. Kf1 g6 31. Ke2 Ke6 32. Kd3 Ke5 33. b4 a6 34. b3 f4 35. f3 h4 36. h3 Kf5 37. Kd4 Ke6 38. Kc5 Ke5 39. Rd8 Ne4+ 40. fxe4 b6+ 41. Kc6 dxe4 42. Rd5+ Ke6 43. Rd6+ Ke5 44. Rd5+ Ke6 45. Rd6+ Ke5 46. Rd5+ 1/2-1/2

[Event "NED-ch U20 Youth 2019"]
[Site "Assen"]
[Date "2019.05.02"]
[Round "5.5"]
[White "Elgersma, Simon"]
[Black "Mesman, Edwyn"]
[Result "1-0"]
[ECO "B12"]
[WhiteElo "2137"]
[BlackElo "2224"]
[Annotator "NA"]
[PlyCount "95"]
[EventDate "2019.04.28"]
[EventType "swiss"]
[EventCountry "NED"]
[SourceTitle "playchess.com"]
[Source "ChessBase"]
[SourceQuality "1"]
[TimeControl "40/5400+30:1800+30"]

1. e4 c6 2. d4 d5 3. e5 Bf5 4. Nd2 e6 5. Nb3 Nd7 6. Nf3 h6 7. Be2 Ne7 8. O-O Nc8 9. a4 Ncb6 10. a5 Nc4 11. Bxc4 ({Better is} 11. Bd3 $16) 11... dxc4 12. Nbd2 b5 $1 13. axb6 Nxb6 $11 14. Qe2 Qd5 15. b3 cxb3 16. c4 Qd8 17. Nxb3 Be7 18. h3 O-O 19. Ba3 Bxa3 20. Rxa3 Qe7 21. Rfa1 Rfc8 22. Nc5 Rd8 23. Ra5 Qc7 24. R1a3 Qe7 25. Qa2 Nc8 26. Rb3 Nb6 27. Rba3 Nc8 28. Ra6 Qc7 29. Rb3 Nb6 30. Qa5 Qe7 31. Qa2 Qc7 32. Kh2 Kh7 33. Kh1 Kg8 34. Rba3 Nc8 35. Rb3 Nb6 36. Rba3 Nc8 37. g4 Bg6 38. Rb3 Nb6 39. Rba3 Nc8 40. Rb3 Nb6 41. h4 h5 42. Rbxb6 axb6 43. Rxa8 bxc5 44. Ng5 Kf8 45. gxh5 Bf5 46. Qa3 Kg8 47. Qa7 Qxa7 48. Rxd8# 1-0

[Event "NED-ch U20 Youth 2019"]
[Site "Assen"]
[Date "2019.05.02"]
[Round "5.6"]
[White "Ghebreab, Elnathan"]
[Black "Van Foreest, Machteld"]
[Result "1/2-1/2"]
[ECO "C28"]
[WhiteElo "1882"]
[BlackElo "2065"]
[Annotator "NA"]
[PlyCount "71"]
[EventDate "2019.04.28"]
[EventType "swiss"]
[EventCountry "NED"]
[SourceTitle "playchess.com"]
[Source "ChessBase"]
[SourceQuality "1"]
[TimeControl "40/5400+30:1800+30"]

1. e4 e5 2. Nc3 Nc6 3. Bc4 Bc5 4. d3 Na5 5. Nge2 Nxc4 6. dxc4 Nf6 7. Qd3 Ng4 8. O-O Qh4 $14 9. Qg3 Qxg3 10. Nxg3 O-O 11. h3 Nf6 12. Bg5 Be7 13. Nf5 Bd8 14. Bxf6 Bxf6 15. Nd5 Bd8 16. Nde7+ Bxe7 17. Nxe7+ Kh8 18. c5 b6 19. Rfd1 Rd8 20. c6 d6 21. Nd5 Be6 22. a4 Bxd5 23. Rxd5 a5 24. c3 Kg8 25. b4 Ra6 26. b5 Raa8 27. g4 Rf8 28. Kg2 g6 29. Rf1 f5 30. gxf5 gxf5 31. f4 exf4 32. Rxf5 Rxf5 33. exf5 Re8 34. Rxf4 Re3 35. Rg4+ Kf7 36. Rh4 1/2-1/2

[Event "NED-ch U20 Youth 2019"]
[Site "Assen"]
[Date "2019.05.02"]
[Round "5.7"]
[White "Van Doren, Bas"]
[Black "Achuthan, Dylan"]
[Result "0-1"]
[ECO "B32"]
[WhiteElo "1945"]
[BlackElo "1863"]
[Annotator "NA"]
[PlyCount "84"]
[EventDate "2019.04.28"]
[EventType "swiss"]
[EventCountry "NED"]
[SourceTitle "playchess.com"]
[Source "ChessBase"]
[SourceQuality "1"]
[TimeControl "40/5400+30:1800+30"]

1. e4 c5 2. Nf3 Nc6 3. d4 cxd4 4. Nxd4 e5 5. Nb5 d6 6. N1c3 a6 7. Na3 b5 8. Nd5 Nge7 9. c4 Nd4 10. cxb5 Nxd5 11. exd5 g6 12. Be3 Bg7 13. Bxd4 exd4 14. Bd3 O-O 15. O-O Bb7 16. Bc4 Qg5 17. Qf3 Rfc8 18. b3 $14 Rc5 19. Rac1 d3 20. bxa6 Bxa6 21. b4 d2 22. Rc2 Bxc4 23. Nxc4 Rc7 24. Rd1 Rac8 25. Qd3 Qg4 26. Ne3 Qxd1+ 27. Nxd1 Rxc2 28. f4 Rxa2 29. Kf2 Rc1 30. Ke2 Bc3 31. Qxc3 Rxc3 32. Nxc3 Rb2 33. b5 Kg7 34. g4 f5 35. gxf5 gxf5 36. h3 Kh6 37. b6 Kh5 38. Nd1 Rxb6 39. Ne3 Kg6 40. Kxd2 Rb4 41. Kc3 Rxf4 42. Nc4 Rxc4+ 0-1

[Event "NED-ch U20 Youth 2019"]
[Site "Assen"]
[Date "2019.05.02"]
[Round "5.8"]
[White "Gijsen, William"]
[Black "Van Hoorn, Geert"]
[Result "0-1"]
[ECO "B52"]
[WhiteElo "2041"]
[BlackElo "1965"]
[Annotator "NA"]
[PlyCount "116"]
[EventDate "2019.04.28"]
[EventType "swiss"]
[EventCountry "NED"]
[SourceTitle "playchess.com"]
[Source "ChessBase"]
[SourceQuality "1"]
[TimeControl "40/5400+30:1800+30"]

1. e4 c5 2. Nf3 d6 3. Bb5+ Bd7 4. Bxd7+ Qxd7 5. O-O e6 6. c3 Nf6 7. Re1 Nc6 8. d4 cxd4 9. cxd4 d5 10. e5 Ne4 11. Be3 {[%emt 0:05:38] B52: Sicilian: Moscow Variation with 3...Bd7} (11. Nbd2 Nxd2 12. Bxd2 Be7 13. Rc1 O-O 14. Rc3 Rfc8 15. h4 Bd8 16. Rd3 Qc7 17. Ng5 h6 18. Nh3 Ne7 19. Bc3 b5 20. Nf4 Nf5 21. Qg4 Bxh4 22. Nh5 {½-½ (52) Nakamura,H (2769)-Grischuk,A (2766) Paris 2018}) 11... Be7 12. Nbd2 Nxd2 13. Nxd2 O-O 14. f4 Rac8 15. a3 $146 ({Predecessor:} 15. Nf1 Rc7 16. a3 Na5 17. Bf2 Rfc8 18. Qd3 a6 {½-½ (30) Khamrakulov,D (2200)-Gopal,G (2269) Teheran 2004}) 15... Na5 16. Nf3 Qb5 17. b4 Nc4 18. Bc1 a5 19. a4 Qxb4 20. Rf1 $19 (20. Qd3 $17) 20... Qb6 21. Qd3 f6 22. Kh1 fxe5 23. fxe5 Qd8 24. Ra2 Qe8 25. Raf2 Qh5 26. h3 Qf5 27. Qb3 Bb4 28. Kh2 Qg6 29. Qd1 h6 30. Rg1 Qe4 31. Re2 Qg6 32. Rf2 Qh5 33. Rgf1 Rc7 34. Qd3 Qf5 35. Qb3 Qe4 36. Kh1 Rcf7 37. Kh2 Qg6 38. Qd1 Bc3 39. Re2 Qb1 40. Rg1 Kh8 41. Rc2 Rxf3 42. gxf3 Bxd4 43. Qxd4 Qxc2+ 44. Kh1 Qf5 45. Rg3 Rf7 46. Qh4 Kh7 47. Qd4 b6 48. h4 Kh8 49. Qg1 Rd7 50. Bxh6 gxh6 51. Rg8+ Kh7 52. Qg3 Rf7 53. Kg1 d4 54. h5 d3 55. Kh2 Qxh5+ 56. Kg1 Qf5 57. f4 d2 58. Kf2 Qxf4+ 0-1

[Event "NED-ch U20 Youth 2019"]
[Site "Assen"]
[Date "2019.05.02"]
[Round "5.9"]
[White "Van Aken, Jelmer"]
[Black "Van Randtwijk, Mick"]
[Result "0-1"]
[ECO "B90"]
[WhiteElo "1698"]
[BlackElo "2168"]
[Annotator "NA"]
[PlyCount "70"]
[EventDate "2019.04.28"]
[EventType "swiss"]
[EventCountry "NED"]
[SourceTitle "playchess.com"]
[Source "ChessBase"]
[SourceQuality "1"]
[TimeControl "40/5400+30:1800+30"]

1. e4 c5 2. Nf3 d6 3. d4 cxd4 4. Nxd4 Nf6 5. Nc3 a6 6. Be3 e5 7. Nb3 Be6 8. f3 h5 9. Qd2 Nbd7 10. O-O-O Be7 11. Nd5 {[%emt 0:03:00] B90: Sicilian Najdorf: Unusual White 6th moves, 6 Be3 Ng4 and 6 Be3 e5} Bxd5 (11... Nxd5 12. exd5 Bf5 13. Bd3 Bxd3 14. Qxd3 Bg5 15. Kb1 Bxe3 16. Qxe3 Rc8 17. h4 Nf6 18. Qd3 Qc7 {1-0 (32) Aronian,L (2767)-Dominguez Perez,L (2739) Saint Louis 2018}) 12. exd5 Nb6 13. Bxb6 Qxb6 14. Kb1 Nd7 $146 ({Predecessor:} 14... O-O-O 15. Na5 Kb8 16. g3 Rc8 17. Nb3 Rc7 18. Bh3 Nd7 19. Bxd7 Rxd7 20. Rhe1 f5 21. Qe3 Qxe3 22. Rxe3 Bg5 23. Re2 {½-½ (23) Gasa,A (2220)-Horak,I (2105) Slovakia 2010}) 15. Na5 Qc7 16. Be2 Bd8 17. Nc4 b5 18. Ne3 Bg5 19. Rhe1 Rc8 $11 20. Bd3 Nb6 21. Bf5 Rb8 22. Qe2 g6 23. Be4 O-O 24. g4 Nc4 25. Nxc4 bxc4 26. gxh5 c3 27. b3 Qc5 28. Ka1 Qa3 29. Rb1 Rfc8 30. Bd3 Rb4 31. Qf2 Rc5 32. Qxc5 dxc5 33. d6 Rd4 34. d7 Rxd7 35. Rg1 Rxd3 0-1

[Event "NED-ch U20 Youth 2019"]
[Site "Assen"]
[Date "2019.05.02"]
[Round "5.10"]
[White "Emans, Job"]
[Black "Reichardt, Robin"]
[Result "1-0"]
[ECO "D31"]
[WhiteElo "1945"]
[BlackElo "2061"]
[Annotator "NA"]
[PlyCount "113"]
[EventDate "2019.04.28"]
[EventType "swiss"]
[EventCountry "NED"]
[SourceTitle "playchess.com"]
[Source "ChessBase"]
[SourceQuality "1"]
[TimeControl "40/5400+30:1800+30"]

1. d4 d5 2. c4 c6 3. Nc3 e6 4. Nf3 dxc4 5. a4 Bb4 6. e3 b5 7. Bd2 a5 8. axb5 Bxc3 9. Bxc3 cxb5 10. b3 Bb7 11. bxc4 b4 12. Bb2 Nf6 13. Bd3 Nbd7 14. O-O O-O 15. Nd2 Qc7 16. Qc2 Rfb8 17. f3 $15 e5 18. Ne4 Nxe4 19. fxe4 f6 20. c5 Kh8 21. Rfc1 Ba6 22. Bxa6 Rxa6 23. c6 Nf8 24. d5 Ng6 25. Qc5 Rd8 26. Ra4 Ne7 27. Rca1 Rda8 28. Rd1 Rd8 29. Kf2 Rxc6 30. dxc6 Rxd1 31. Rxa5 Rd8 32. Ra7 Qxc6 33. Qxe7 Rg8 34. Qxb4 Qc2+ 35. Kg3 Qe2 36. Qc3 h5 37. h3 h4+ 38. Kh2 Qf2 39. Ra1 Rd8 40. Ba3 Rd2 41. Qc8+ Kh7 42. Qf5+ Qxf5 43. exf5 Rf2 44. Bc5 Rxf5 45. Ra7 Kh6 46. Bf8 Rg5 47. Kg1 f5 48. Ra6+ Kh5 49. Be7 Rg3 50. Kf2 f4 51. exf4 exf4 52. Ra5+ g5 53. Ra3 Rxa3 54. Bxa3 g4 55. Be7 f3 56. hxg4+ Kxg4 57. gxf3+ 1-0

[Event "NED-ch U20 Youth 2019"]
[Site "Assen"]
[Date "2019.05.03"]
[Round "6.2"]
[White "Warmerdam, Max"]
[Black "Halfhide, Sebastian"]
[Result "1/2-1/2"]
[ECO "C45"]
[WhiteElo "2472"]
[BlackElo "2274"]
[Annotator "ChessBase"]
[PlyCount "65"]
[EventDate "2019.04.28"]
[EventType "swiss"]
[EventCountry "NED"]
[SourceTitle "playchess.com"]
[Source "ChessBase"]
[SourceQuality "1"]
[TimeControl "40/5400+30:1800+30"]

1. e4 e5 2. Nf3 Nc6 3. d4 exd4 4. Nxd4 Bc5 5. Nxc6 bxc6 6. Bd3 d6 7. O-O Nf6 8. Nc3 Ng4 9. h3 Ne5 10. Na4 Bb6 11. Be2 O-O 12. Nxb6 axb6 13. f4 Nd7 14. Bf3 Bb7 15. Re1 Re8 16. Be3 c5 17. Qd3 Ra4 18. c4 Qa8 19. b3 Rxa2 20. Rxa2 Qxa2 21. Bd2 Qa8 22. Bc3 Bc6 23. Re3 f6 24. h4 Re7 25. h5 h6 26. Qe2 f5 27. exf5 Bxf3 28. Qxf3 Qxf3 29. Rxf3 Nf6 30. Bxf6 gxf6 31. Rg3+ Rg7 32. Rg6 Rxg6 33. hxg6 1/2-1/2

[Event "NED-ch U20 Youth 2019"]
[Site "Assen"]
[Date "2019.05.03"]
[Round "6.3"]
[White "De Boer, Eelke"]
[Black "Van Roon, Sjoerd"]
[Result "1-0"]
[ECO "C65"]
[WhiteElo "2338"]
[BlackElo "2115"]
[Annotator "NA"]
[PlyCount "119"]
[EventDate "2019.04.28"]
[EventType "swiss"]
[EventCountry "NED"]
[SourceTitle "playchess.com"]
[Source "ChessBase"]
[SourceQuality "1"]
[TimeControl "40/5400+30:1800+30"]

1. e4 e5 2. Nf3 Nc6 3. Bb5 Nf6 4. d3 Bc5 5. c3 d5 6. exd5 $14 {[%emt 0:00:21] Pin} Qxd5 7. Bc4 Qd6 8. Nbd2 Bf5 9. Qc2 O-O-O 10. b4 Bxb4 11. cxb4 Nxb4 12. Qb3 Bxd3 13. Ba3 Bxc4 14. Qxb4 Qxb4 15. Bxb4 Ba6 16. Be7 Rd5 17. Bxf6 gxf6 18. O-O-O Be2 19. Rde1 Bd3 20. Re3 Rhd8 21. g4 c5 22. Kb2 b5 23. h4 Kb7 24. g5 Bf5 25. Kc1 fxg5 26. hxg5 c4 27. Rxe5 c3 28. Nb3 Kb6 29. Rxd5 Rxd5 30. Rd1 Rxd1+ 31. Kxd1 a5 32. Nbd4 Be4 33. Ne5 Bd5 34. Nd7+ Kc7 35. Nf6 Bc4 36. Kc2 b4 37. a3 Kd6 38. f4 Bd5 39. Nf5+ Kc5 40. Nd7+ Kb5 41. a4+ Ka6 42. Nd6 Ka7 43. Ne5 Kb6 44. Ndc4+ Kc5 45. Nxa5 Be4+ 46. Kb3 Bd5+ 47. Nac4 Kd4 48. a5 Ke4 49. a6 Kxf4 50. Nd3+ Kxg5 51. Nxb4 Bh1 52. Nb6 h5 53. N6d5 c2 54. Kxc2 h4 55. a7 f5 56. a8=Q Be4+ 57. Kd2 h3 58. Qg8+ Kh4 59. Ne3 f4 60. Qg4# 1-0

[Event "NED-ch U20 Youth 2019"]
[Site "Assen"]
[Date "2019.05.03"]
[Round "6.4"]
[White "Elgersma, Simon"]
[Black "Pols, Wiggert"]
[Result "1/2-1/2"]
[ECO "B32"]
[WhiteElo "2137"]
[BlackElo "2104"]
[Annotator "NA"]
[PlyCount "54"]
[EventDate "2019.04.28"]
[EventType "swiss"]
[EventCountry "NED"]
[SourceTitle "playchess.com"]
[Source "ChessBase"]
[SourceQuality "1"]
[TimeControl "40/5400+30:1800+30"]

1. e4 c5 2. Nf3 Nc6 3. d4 cxd4 4. Nxd4 e5 5. Nb5 d6 6. N1c3 a6 7. Na3 b5 8. Nd5 Nge7 9. c4 Nxd5 10. exd5 Nd4 11. cxb5 g6 12. Be3 Bg7 13. Bxd4 exd4 14. Bd3 O-O 15. O-O Qa5 16. Qf3 Qb4 17. bxa6 Bxa6 18. Bxa6 Rxa6 19. Qd3 Ra5 20. Nc4 Rxd5 21. a3 Qb5 22. b4 Rc8 23. Rfc1 Qc6 24. Qd2 Qa6 25. Qd3 Qc6 26. Qd2 Qa6 27. Qd3 Qc6 1/2-1/2

[Event "NED-ch U20 Youth 2019"]
[Site "Assen"]
[Date "2019.05.03"]
[Round "6.5"]
[White "Mesman, Edwyn"]
[Black "Ghebreab, Elnathan"]
[Result "1/2-1/2"]
[ECO "A57"]
[WhiteElo "2224"]
[BlackElo "1882"]
[Annotator "NA"]
[PlyCount "155"]
[EventDate "2019.04.28"]
[EventType "swiss"]
[EventCountry "NED"]
[SourceTitle "playchess.com"]
[Source "ChessBase"]
[SourceQuality "1"]
[TimeControl "40/5400+30:1800+30"]

1. d4 Nf6 2. c4 c5 3. d5 b5 4. Qc2 bxc4 5. e4 g6 6. Nf3 Bg7 7. Bxc4 O-O 8. O-O d6 9. h3 Qb6 10. Bd2 Ba6 11. Na3 Nbd7 12. Bc3 Bxc4 13. Nxc4 Qa6 14. b3 Nb6 15. Nfd2 Rad8 16. f4 e6 17. Bxf6 Bxf6 18. e5 dxe5 19. fxe5 Bg7 20. d6 f6 21. Ne4 Nxc4 22. bxc4 f5 23. Nxc5 Qb6 24. Qf2 Bxe5 25. Rae1 Qxd6 26. Nb7 Bd4 27. Nxd6 Bxf2+ 28. Rxf2 Rxd6 29. Rb2 Re8 30. Re5 Kf7 31. Kf2 Kf6 32. Ra5 Re7 33. Rab5 Rc7 34. Rc2 Rdc6 35. Rb4 h6 36. Ke3 g5 37. Kd4 Rd7+ 38. Kc3 f4 39. Re2 a6 40. a4 e5 41. a5 Rd4 42. Kb3 Kf5 43. Rc2 e4 44. Rb6 Rdd6 45. c5 Re6 46. Kc4 Rc8 47. Rxe6 Kxe6 48. Kd4 e3 49. g3 fxg3 50. Rc3 Rd8+ 51. Kxe3 g2 52. Kf2 Rd2+ 53. Kg1 Kd7 54. Rb3 Kc6 55. Rb6+ Kxc5 56. Rxa6 Kb5 57. Rxh6 Kxa5 58. Rg6 Kb5 59. Rxg5+ Kc6 60. h4 Kd6 61. h5 Ke6 62. h6 Rd8 63. Kxg2 Rh8 64. Ra5 Kf7 65. Ra6 Kg8 66. Kg3 Kh7 67. Kf4 Rg8 68. Kf5 Rf8+ 69. Kg5 Rg8+ 70. Kh5 Rg1 71. Ra7+ Kh8 72. Re7 Rg2 73. Re5 Rg1 74. Rf5 Kh7 75. Rg5 Rxg5+ 76. Kxg5 Kg8 77. Kg6 Kh8 78. h7 1/2-1/2

[Event "NED-ch U20 Youth 2019"]
[Site "Assen"]
[Date "2019.05.03"]
[Round "6.6"]
[White "Van Foreest, Machteld"]
[Black "Ypma, Jord"]
[Result "1/2-1/2"]
[ECO "B94"]
[WhiteElo "2065"]
[BlackElo "1854"]
[Annotator "NA"]
[PlyCount "108"]
[EventDate "2019.04.28"]
[EventType "swiss"]
[EventCountry "NED"]
[SourceTitle "playchess.com"]
[Source "ChessBase"]
[SourceQuality "1"]
[TimeControl "40/5400+30:1800+30"]

1. e4 c5 2. Nf3 d6 3. d4 cxd4 4. Nxd4 Nf6 5. Nc3 a6 6. Bg5 Nbd7 7. Qe2 Qa5 8. f4 h6 9. Bh4 e5 10. Nb3 Qc7 11. O-O-O Be7 12. g4 exf4 13. g5 hxg5 14. Bxg5 b5 15. Bxf4 Bb7 16. Nd4 Ne5 17. Nf5 g6 18. Nxe7 Qxe7 19. Bg5 Qe6 20. Bg2 b4 21. Bxf6 bxc3 22. Bxe5 Qxe5 23. h3 cxb2+ 24. Kb1 Rc8 25. Qd3 Ke7 26. Qb3 Rc7 27. Rhf1 f6 28. Rd3 Rhc8 29. Rd2 Bc6 30. Rfd1 Bd7 31. Qa3 Rc6 32. Rd5 Qh2 33. R5d2 Qe5 34. Rd5 Qh2 35. R5d2 Rxc2 36. Rxc2 Rxc2 37. Kxc2 Qxg2+ 38. Kb1 Qxe4+ 39. Kxb2 Qe5+ 40. Kc1 Qa1+ 41. Kd2 Qd4+ 42. Kc1 Qf4+ 43. Rd2 Qc4+ 44. Kb2 Qb5+ 45. Kc1 Qc6+ 46. Kb2 Qb6+ 47. Kc1 Bf5 48. Re2+ Kf7 49. Kd2 Qd4+ 50. Ke1 Qg1+ 51. Kd2 Qd4+ 52. Ke1 Qh4+ 53. Kd2 Qg5+ 54. Kd1 Qg1+ 1/2-1/2

[Event "NED-ch U20 Youth 2019"]
[Site "Assen"]
[Date "2019.05.03"]
[Round "6.7"]
[White "Van Hoorn, Geert"]
[Black "Achuthan, Dylan"]
[Result "1-0"]
[ECO "B32"]
[WhiteElo "1965"]
[BlackElo "1863"]
[Annotator "NA"]
[PlyCount "73"]
[EventDate "2019.04.28"]
[EventType "swiss"]
[EventCountry "NED"]
[SourceTitle "playchess.com"]
[Source "ChessBase"]
[SourceQuality "1"]
[TimeControl "40/5400+30:1800+30"]

1. e4 c5 2. Nf3 Nc6 3. d4 cxd4 4. Nxd4 e5 5. Nb5 d6 6. c4 Be7 7. N5c3 Nf6 8. Bd3 O-O 9. O-O Be6 10. Nd5 Rc8 11. Nbc3 a6 12. Be3 Ne8 13. Nb6 Rb8 14. Ncd5 Bg5 15. Qd2 Bxe3 16. Qxe3 Nd4 17. f4 Bxd5 18. Nxd5 Qh4 19. b4 Nf6 20. g3 Qh6 21. fxe5 Qxe3+ 22. Nxe3 dxe5 23. Nd5 Nxd5 24. exd5 f5 25. Rad1 g5 26. c5 Kg7 27. Rf2 Rbe8 28. d6 e4 29. Bxa6 e3 30. d7 Re4 31. Bxb7 exf2+ 32. Kxf2 Ne6 33. Bxe4 fxe4+ 34. Ke3 Nd8 35. b5 Kf7 36. c6 Ne6 37. b6 1-0

[Event "NED-ch U20 Youth 2019"]
[Site "Assen"]
[Date "2019.05.03"]
[Round "6.8"]
[White "Van Randtwijk, Mick"]
[Black "Emans, Job"]
[Result "1-0"]
[ECO "C65"]
[WhiteElo "2168"]
[BlackElo "1945"]
[Annotator "NA"]
[PlyCount "93"]
[EventDate "2019.04.28"]
[EventType "swiss"]
[EventCountry "NED"]
[SourceTitle "playchess.com"]
[Source "ChessBase"]
[SourceQuality "1"]
[TimeControl "40/5400+30:1800+30"]

1. e4 e5 2. Nf3 Nc6 3. Bb5 Nf6 4. d3 Bc5 5. Bxc6 dxc6 6. Nbd2 O-O 7. Qe2 Re8 8. Nc4 Bd6 9. Bg5 h6 10. Bh4 b5 11. Ne3 Be6 12. Nf5 Bxf5 13. exf5 Qd7 14. Bxf6 gxf6 15. g4 Kh7 16. Nd2 Rad8 17. Ne4 Bb4+ 18. Kf1 Be7 19. Rg1 Rg8 20. Rg3 Qd4 21. c3 Qd5 22. Qe3 Kg7 23. h4 Rh8 24. Ke2 Kf8 25. g5 hxg5 26. hxg5 Ke8 27. g6 fxg6 28. Rxg6 Rf8 29. b3 c5 30. Rd1 c4 31. Rd2 cxb3 32. axb3 a5 33. Qa7 Ra8 34. Qxc7 a4 35. Rg7 Qd7 36. Rxe7+ Kxe7 37. Qc5+ Kf7 38. Nd6+ Kg7 39. Rd1 a3 40. Rg1+ Kh8 41. Rh1+ Qh7 42. Rxh7+ Kxh7 43. Qd5 a2 44. Qh1+ Kg7 45. Qg1+ Kh8 46. Nf7+ Kh7 47. Qg6# 1-0

[Event "NED-ch U20 Youth 2019"]
[Site "Assen"]
[Date "2019.05.03"]
[Round "6.9"]
[White "Van Aken, Jelmer"]
[Black "Van Doren, Bas"]
[Result "0-1"]
[ECO "A31"]
[WhiteElo "1698"]
[BlackElo "1945"]
[Annotator "NA"]
[PlyCount "74"]
[EventDate "2019.04.28"]
[EventType "swiss"]
[EventCountry "NED"]
[SourceTitle "playchess.com"]
[Source "ChessBase"]
[SourceQuality "1"]
[TimeControl "40/5400+30:1800+30"]

1. e4 c5 2. Nf3 e6 3. d4 cxd4 4. Nxd4 a6 5. c4 Nf6 6. Nc3 Qc7 7. a3 b6 8. Be3 Bb7 9. f3 d6 10. Qd2 Nbd7 11. Rc1 Be7 12. Be2 O-O 13. O-O Rac8 14. b4 Qb8 15. Rfd1 Rfe8 16. Nb3 Bf8 17. Kh1 Qa8 18. Na4 d5 19. exd5 exd5 20. Nxb6 Nxb6 21. Bxb6 dxc4 22. Na5 c3 23. Qd3 Nd5 24. Nxb7 Nf4 25. Qxa6 Nxe2 26. Qxa8 Rxa8 27. Na5 Nxc1 28. Rxc1 Rac8 29. Nb3 g6 30. f4 Re2 31. Bc5 Bg7 32. Kg1 Rb2 33. Na1 Re8 34. Nc2 Re2 35. Ne3 c2 36. Kf1 Rd2 37. Ke1 Bc3 0-1

[Event "NED-ch U20 Youth 2019"]
[Site "Assen"]
[Date "2019.05.03"]
[Round "6.10"]
[White "Reichardt, Robin"]
[Black "Gijsen, William"]
[Result "1-0"]
[ECO "A81"]
[WhiteElo "2061"]
[BlackElo "2041"]
[Annotator "NA"]
[PlyCount "45"]
[EventDate "2019.04.28"]
[EventType "swiss"]
[EventCountry "NED"]
[SourceTitle "playchess.com"]
[Source "ChessBase"]
[SourceQuality "1"]
[TimeControl "40/5400+30:1800+30"]

1. d4 f5 2. g3 Nf6 3. Nf3 e6 4. Bg2 Be7 5. O-O O-O 6. b3 d6 7. Bb2 Ne4 8. Nbd2 Nd7 9. c4 Ndf6 10. Ne1 Nxd2 11. Qxd2 Ng4 12. Nd3 Bf6 13. Rad1 Qe8 14. h3 Nh6 15. f4 Nf7 16. e4 fxe4 17. Bxe4 e5 18. dxe5 dxe5 19. Nxe5 Bxe5 20. fxe5 Bxh3 21. Rfe1 Bg4 22. e6 Nd6 23. Qg5 1-0

[Event "NED-ch U20 Youth 2019"]
[Site "Assen"]
[Date "2019.05.04"]
[Round "7.1"]
[White "Vrolijk, Liam"]
[Black "Van Hoorn, Geert"]
[Result "1-0"]
[ECO "D00"]
[WhiteElo "2465"]
[BlackElo "1965"]
[Annotator "RC"]
[PlyCount "59"]
[EventDate "2019.04.28"]
[EventType "swiss"]
[EventCountry "NED"]
[SourceTitle "playchess.com"]
[Source "ChessBase"]
[SourceQuality "1"]
[TimeControl "40/5400+30:1800+30"]

1. d4 Nf6 2. Bg5 g6 3. Bxf6 exf6 4. e3 d5 5. c4 c6 6. Nc3 Be6 7. cxd5 cxd5 8. Qb3 Nd7 9. Bd3 Bg7 10. Nge2 O-O 11. Qxb7 Rb8 12. Qa6 Rxb2 13. Qxa7 Nb6 14. Qa3 Rxe2+ 15. Bxe2 f5 16. Rb1 f4 17. Qa5 Nc4 18. Qxd8 Rxd8 19. Bxc4 dxc4 20. Kd2 Bh6 21. Ke2 fxe3 22. fxe3 Bf5 23. Kf3 Bxb1 24. Rxb1 Re8 25. Nd5 Kg7 26. a4 c3 27. Rc1 Rd8 28. Nxc3 Rxd4 29. exd4 Bxc1 30. a5 1-0

[Event "NED-ch U20 Youth 2019"]
[Site "Assen"]
[Date "2019.05.04"]
[Round "7.2"]
[White "De Boer, Eelke"]
[Black "Warmerdam, Max"]
[Result "0-1"]
[ECO "C60"]
[WhiteElo "2338"]
[BlackElo "2472"]
[Annotator "RC"]
[PlyCount "98"]
[EventDate "2019.04.28"]
[EventType "swiss"]
[EventCountry "NED"]
[SourceTitle "playchess.com"]
[Source "ChessBase"]
[SourceQuality "1"]
[TimeControl "40/5400+30:1800+30"]

1. e4 e5 2. Nf3 Nc6 3. Bb5 g6 4. d4 exd4 5. Bg5 Be7 6. Bxe7 Qxe7 7. Bxc6 dxc6 8. Qxd4 Nf6 9. Nc3 Bg4 10. Nd2 c5 11. Qe3 O-O-O 12. h3 Be6 13. O-O-O Rd4 14. Nf3 Rxd1+ 15. Rxd1 Nd7 16. Qf4 a6 17. Nd2 f6 18. Nf1 Re8 19. Ne3 Nb6 20. f3 Rd8 21. Rxd8+ Qxd8 22. Qh4 h5 23. Qg3 Bf7 24. Qf4 Qe7 25. h4 c6 26. Qh6 Nd7 27. Qg7 Qf8 28. Qh7 Ne5 29. f4 Nd7 30. f5 Ne5 31. Ne2 Qd6 32. Qg7 Kb8 33. a3 Ka7 34. Qh6 c4 35. Ng3 c3 36. Ngf1 Qd4 37. Qf4 cxb2+ 38. Kb1 Qc3 39. Qf2 Ka8 40. Qd2 Qxa3 41. Qd8+ Ka7 42. Qd4+ c5 43. Qxb2 Qa5 44. Nd1 Qe1 45. Nfe3 Nc4 46. Qc1 Qb4+ 47. Ka1 Qa5+ 48. Kb1 Nd2+ 49. Kb2 Nxe4 0-1